[Event "2019 National Open"]
[Site "Las Vegas"]
[Date "2019.06.16"]
[Round "8"]
[White "Shetty, Atulya"]
[Black "Grabinsky, Aaron"]
[Result "1-0"]
[ECO "A20"]
[WhiteElo "2431"]
[BlackElo "2281"]
[PlyCount "103"]
[EventDate "2019.??.??"]
[TimeControl "5400+30"]
[WhiteClock "0:30:47"]
[BlackClock "0:24:25"]

1. c4 e5 2. g3 Nc6 3. Bg2 Bc5 4. Nc3 a6 5. Nf3 d6 6. O-O Nge7 7. a3 Be6 8. e3 Ba7 9. d4 Bg4 10. d5 Nb8 11. b4 O-O 12. Qc2 Nd7 13. Bb2 h6 14. Rac1 f5 15. Nd2 f4 16. h3 Bh5 17. Qd3 Bg6 18. Be4 Nf5 19. Kh2 Qg5 20. exf4 exf4 21. Ne2 fxg3+ 22. fxg3 Ne3 23. Rf4 Bh5 24. Nf3 Bxf3 25. Bxf3 Rae8 26. h4 Qe7 27. Bh5 Ne5 28. Bxe5 dxe5 29. Rxf8+ Rxf8 30. c5 Nf1+ 31. Kg2 Qf6 32. Qf3 Qxf3+ 33. Bxf3 Ne3+ 34. Kf2 Nxd5 35. Nf4 c6 36. Nxd5 cxd5 37. Ke3 Rd8 38. Rd1 d4+ 39. Kd3 Rd7 40. Be4 a5 41. Rf1 axb4 42. axb4 g5 43. hxg5 hxg5 44. Ra1 b6 45. Rxa7 Rxa7 46. cxb6 Ra6 47. b7 Rb6 48. Kc4 d3 49. Kc5 d2 50. Kxb6 d1=Q 51. b8=Q+ Kf7 52. Qxe5 1-0

[Event "2019 National Open"]
[Site "Las Vegas"]
[Date "2019.06.16"]
[Round "8"]
[White "Abrahamyan, Tatev"]
[Black "Shtembuliak, Evgeny"]
[Result "0-1"]
[ECO "B06"]
[WhiteElo "2385"]
[BlackElo "2538"]
[PlyCount "52"]
[EventDate "2019.??.??"]
[TimeControl "5400+30"]
[WhiteClock "0:26:57"]
[BlackClock "0:01:20"]

1. e4 g6 2. d4 Bg7 3. Nc3 d6 4. Be3 a6 5. Qd2 b5 6. f3 Nd7 7. g4 Bb7 8. h4 h5 9. gxh5 Rxh5 10. Nge2 e5 11. O-O-O Rxh4 12. Rxh4 Qxh4 13. Nd5 Bxd5 14. exd5 Kf8 15. Qc3 exd4 16. Bxd4 Bxd4 17. Rxd4 Qf2 18. Rd1 Nc5 19. Qa5 Rc8 20. Nd4 Nf6 21. c4 Kg8 22. cxb5 axb5 23. Bh3 Re8 24. Qxb5 Re1 25. Qc4 Nxd5 26. Qc2 Ne3 0-1

[Event "2019 National Open"]
[Site "Las Vegas"]
[Date "2019.06.16"]
[Round "8"]
[White "Griffith, Kyron"]
[Black "Nestorovic, Nikola"]
[Result "0-1"]
[ECO "B32"]
[WhiteElo "2336"]
[BlackElo "2481"]
[PlyCount "48"]
[EventDate "2019.??.??"]
[TimeControl "5400+30"]
[WhiteClock "0:28:53"]
[BlackClock "0:02:18"]

1. e4 c5 2. Nf3 Nc6 3. d4 cxd4 4. Nxd4 e5 5. Nf5 Nf6 6. Nc3 d5 7. Nxd5 Nxe4 8. Nfe3 Be6 9. Bc4 Qd7 10. c3 O-O-O 11. O-O f5 12. g3 g5 13. Nb4 Bxb4 14. cxb4 Nd4 15. f3 Nf6 16. b3 f4 17. Bxe6 Qxe6 18. Ng4 Nxg4 19. fxg4 e4 20. Qe1 Rhe8 21. gxf4 Nf3+ 22. Rxf3 exf3 23. Qxe6+ Rxe6 24. Kf2 Rd3 0-1

[Event "2019 National Open"]
[Site "Las Vegas"]
[Date "2019.06.16"]
[Round "8"]
[White "Daggupati, Balaji"]
[Black "Prasanna Raghuram Rao"]
[Result "1/2-1/2"]
[ECO "B47"]
[WhiteElo "2331"]
[BlackElo "2448"]
[PlyCount "26"]
[EventDate "2019.??.??"]
[TimeControl "5400+30"]
[WhiteClock "1:32:18"]
[BlackClock "1:25:04"]

1. e4 c5 2. Nf3 e6 3. d4 cxd4 4. Nxd4 Nc6 5. Nc3 Qc7 6. Be2 Nf6 7. O-O Be7 8. Kh1 O-O 9. f4 d6 10. Be3 Nxd4 11. Qxd4 b6 12. Bf3 Nd7 13. Nb5 Qb8 1/2-1/2

[Event "2019 National Open"]
[Site "Las Vegas"]
[Date "2019.06.16"]
[Round "8"]
[White "Ippolito, Dean"]
[Black "Li, Ruifeng"]
[Result "1/2-1/2"]
[ECO "D11"]
[WhiteElo "2331"]
[BlackElo "2546"]
[PlyCount "59"]
[EventDate "2019.??.??"]
[TimeControl "5400+30"]
[WhiteClock "0:43:58"]
[BlackClock "0:01:59"]

1. d4 d5 2. c4 c6 3. Nf3 Nf6 4. Qb3 dxc4 5. Qxc4 Bg4 6. Nbd2 e6 7. g3 Be7 8. Bg2 Nbd7 9. O-O O-O 10. Qb3 b5 11. a4 a6 12. Ne5 Nxe5 13. dxe5 Nd5 14. e4 Nb4 15. Nf3 Qd3 16. Qxd3 Nxd3 17. Nd4 Bc5 18. Be3 Bxd4 19. Bxd4 c5 20. Be3 Be2 21. Rfb1 c4 22. f4 b4 23. Bf1 Bf3 24. b3 Bxe4 25. bxc4 Rfd8 26. Rb3 Rd7 27. Be2 Rad8 28. Bb6 Rc8 29. Rd1 Rxc4 30. Bxd3 1/2-1/2

[Event "2019 National Open"]
[Site "Las Vegas"]
[Date "2019.06.16"]
[Round "8"]
[White "Della Morte, Pablo"]
[Black "Katz, Alexander"]
[Result "0-1"]
[ECO "B07"]
[WhiteElo "2270"]
[BlackElo "2427"]
[PlyCount "68"]
[EventDate "2019.??.??"]
[TimeControl "5400+30"]
[WhiteClock "0:27:50"]
[BlackClock "0:02:50"]

1. e4 d6 2. d4 Nf6 3. Nc3 g6 4. Bg5 Bg7 5. Qd2 h6 6. Bf4 g5 7. Bg3 Nh5 8. O-O-O Nc6 9. Qe3 e6 10. d5 Ne5 11. Be2 Nf4 12. dxe6 Nxe2+ 13. Ngxe2 Bxe6 14. h4 c6 15. Nd4 g4 16. Nxe6 fxe6 17. Qd4 Ke7 18. h5 Bf6 19. Bh4 Rf8 20. Qe3 Bxh4 21. Rxh4 Rf6 22. f4 gxf3 23. gxf3 Nxf3 24. Rf4 Qf8 25. Ne2 e5 26. Rxf6 Qxf6 27. Ng3 Nd4 28. Rf1 Qg7 29. c3 Qxg3 30. Qxh6 Ne2+ 31. Kd2 Nf4 32. Qh7+ Kd8 33. Qh8+ Kc7 34. Qxa8 Qd3+ 0-1

[Event "2019 National Open"]
[Site "Las Vegas"]
[Date "2019.06.16"]
[Round "8"]
[White "Yanayt, Eugene"]
[Black "Nathan, Krishna"]
[Result "1-0"]
[ECO "D11"]
[WhiteElo "2241"]
[BlackElo "2098"]
[PlyCount "89"]
[EventDate "2019.??.??"]
[TimeControl "5400+30"]
[WhiteClock "0:53:57"]
[BlackClock "0:22:54"]

1. d4 d5 2. c4 c6 3. Nf3 Nf6 4. Qb3 dxc4 5. Qxc4 Bf5 6. g3 e6 7. Bg2 Nbd7 8. O-O Be7 9. e3 O-O 10. Qe2 Qc7 11. Rd1 Rfd8 12. Nc3 Ne4 13. Ne1 Ndf6 14. f3 Nxc3 15. bxc3 e5 16. e4 Be6 17. Be3 b5 18. Nd3 Nd7 19. f4 exd4 20. cxd4 Bc4 21. Qc2 f6 22. Nb2 Bf7 23. a4 b4 24. Rac1 Rac8 25. d5 c5 26. Qd3 Bd6 27. Nc4 Rb8 28. Bh3 Bf8 29. e5 fxe5 30. d6 Qc6 31. fxe5 Re8 32. Bf4 Be6 33. Na5 Qb6 34. Bxe6+ Rxe6 35. Qd5 Rbe8 36. Nb3 c4+ 37. Nd4 Kh8 38. a5 Rxe5 39. Bxe5 Rxe5 40. Qxe5 Nxe5 41. axb6 axb6 42. Ne6 Bxd6 43. Rxd6 Kg8 44. Rxb6 b3 45. Rb7 1-0

[Event "2019 National Open"]
[Site "Las Vegas"]
[Date "2019.06.16"]
[Round "8"]
[White "Li, Eric"]
[Black "Kavutskiy, Konstantin"]
[Result "0-1"]
[ECO "E82"]
[WhiteElo "2155"]
[BlackElo "2417"]
[PlyCount "76"]
[EventDate "2019.??.??"]
[TimeControl "5400+30"]
[WhiteClock "0:50:58"]
[BlackClock "0:06:49"]

1. d4 Nf6 2. c4 g6 3. Nc3 Bg7 4. e4 d6 5. f3 O-O 6. Be3 b6 7. Qd2 c5 8. Nge2 Ba6 9. b3 e6 10. Rd1 Nc6 11. d5 exd5 12. cxd5 Ne5 13. Nc1 Bxf1 14. Rxf1 a6 15. a4 Rb8 16. Kf2 b5 17. Kg1 Qa5 18. axb5 axb5 19. Nd3 Nxd3 20. Qxd3 Ng4 21. fxg4 Qxc3 22. Qxc3 Bxc3 23. Rf3 b4 24. Rdf1 Rb7 25. Bf4 Rd7 26. Kh1 Ra8 27. g5 Ra2 28. R3f2 Rxf2 29. Rxf2 Ra7 30. g3 c4 31. bxc4 b3 32. Bxd6 Ra2 33. Kg2 Rxf2+ 34. Kxf2 b2 35. c5 b1=Q 36. c6 Qxe4 37. c7 Bd4+ 38. Kf1 Qf3+ 0-1

[Event "2019 National Open"]
[Site "Las Vegas"]
[Date "2019.06.16"]
[Round "9"]
[White "Shabalov, Alexander"]
[Black "Guo, Arthur"]
[Result "1-0"]
[ECO "B90"]
[WhiteElo "2528"]
[BlackElo "2286"]
[PlyCount "223"]
[EventDate "2019.??.??"]
[TimeControl "5400+30"]
[WhiteClock "0:02:40"]
[BlackClock "0:04:46"]

1. e4 c5 2. Nf3 d6 3. d4 cxd4 4. Nxd4 Nf6 5. Nc3 a6 6. Rg1 Qc7 7. g4 e6 8. g5 Nfd7 9. h4 b5 10. a3 Bb7 11. h5 g6 12. Be3 Nc5 13. Qg4 Nbd7 14. O-O-O O-O-O 15. Kb1 Kb8 16. h6 Nb6 17. Nb3 Be7 18. Be2 Rc8 19. Rc1 Rhd8 20. Rgd1 Ncd7 21. f4 d5 22. exd5 exd5 23. Bd4 Nc4 24. Rf1 f5 25. gxf6 Bxf6 26. f5 gxf5 27. Rxf5 Rg8 28. Qf4 Qxf4 29. Rxf4 Bg5 30. Rf7 Bxc1 31. Kxc1 Nf8 32. Nc5 Rc7 33. Rg7 Rcxg7 34. hxg7 Ng6 35. Nd7+ Ka8 36. Bg4 Nge5 37. Nxe5 Rxg7 38. Be2 Re7 39. Nd3 Ne3 40. Bc5 Re6 41. Nf4 Re5 42. Bd4 Re7 43. Bd3 Nc4 44. b3 Re1+ 45. Nd1 Ne5 46. Bxh7 Nf3 47. Bf2 Rh1 48. Bd3 Ng5 49. Ne2 Bc8 50. Ng3 Rh2 51. Be3 Nf3 52. Be2 Ne5 53. Bd4 Nc6 54. Bf2 Ne5 55. Nf1 Rh7 56. Kd2 Bg4 57. Bxg4 Nxg4 58. Bd4 Kb7 59. b4 Rh3 60. Nfe3 Nxe3 61. Nxe3 Kc6 62. Kc3 Rh1 63. Nf5 Ra1 64. Kb2 Rf1 65. Ne3 Rf4 66. c3 Kd6 67. Kb3 Rf7 68. a4 Ke6 69. axb5 axb5 70. Kc2 Rh7 71. Kd3 Rh3 72. Ba7 Kd6 73. Bb8+ Kc6 74. Kd2 Rh8 75. Bg3 Rg8 76. Nf5 Rg4 77. Nd4+ Kb6 78. Bd6 Re4 79. Bc5+ Ka6 80. Kd3 Re1 81. Nf5 Rd1+ 82. Kc2 Rh1 83. Ne7 Rh5 84. Kd3 Kb7 85. Kd4 Kc7 86. Nxd5+ Kc6 87. Ne3 Rh4+ 88. Kd3 Rf4 89. Kc2 Rh4 90. Kb3 Kb7 91. Kc2 Rh2+ 92. Kd3 Rh4 93. Bd4 Kc6 94. c4 bxc4+ 95. Kxc4 Rh5 96. Ng4 Rh1 97. Ne5+ Kd6 98. Nd3 Rh4 99. b5 Re4 100. Nc5 Rh4 101. Nb3 Rh5 102. Bc5+ Kd7 103. Kb4 Ke6 104. b6 Rh8 105. Kb5 Kd5 106. b7 Rb8 107. Na5 Ke6 108. Ba7 Rg8 109. Nc6 Kd7 110. Bb6 Rg5+ 111. Ka6 Rg8 112. Nd8 1-0

[Event "2019 National Open"]
[Site "Las Vegas"]
[Date "2019.06.16"]
[Round "9"]
[White "Nestorovic, Nikola"]
[Black "Ippolito, Dean"]
[Result "0-1"]
[ECO "C42"]
[WhiteElo "2481"]
[BlackElo "2331"]
[PlyCount "72"]
[EventDate "2019.??.??"]
[TimeControl "5400+30"]
[WhiteClock "0:05:44"]
[BlackClock "0:10:47"]

1. e4 e5 2. Nf3 Nf6 3. Nxe5 d6 4. Nf3 Nxe4 5. Nc3 Nxc3 6. dxc3 Be7 7. Be3 O-O 8. Qd2 Nd7 9. O-O-O c6 10. c4 Nf6 11. Bd3 d5 12. Rhe1 Ne4 13. Qe2 Qa5 14. Kb1 Bb4 15. cxd5 cxd5 16. Bd2 Bf5 17. a3 Bxd2 18. Nxd2 Rae8 19. Nxe4 dxe4 20. Bc4 Qc7 21. h3 Be6 22. Rd4 f5 23. f3 Bxc4 24. Rxc4 exf3 25. Rxc7 fxe2 26. Rxb7 Rf6 27. Rb3 Rg6 28. g3 Rd6 29. Kc1 g5 30. c4 f4 31. gxf4 gxf4 32. c5 Rd5 33. Rc3 Rf5 34. Rf3 Rxc5+ 35. Kd2 Rd5+ 36. Kc3 Rd1 0-1

[Event "2019 National Open"]
[Site "Las Vegas"]
[Date "2019.06.16"]
[Round "9"]
[White "Katz, Alexander"]
[Black "Sorokin, Aleksey"]
[Result "0-1"]
[ECO "B19"]
[WhiteElo "2427"]
[BlackElo "2536"]
[PlyCount "70"]
[EventDate "2019.??.??"]
[TimeControl "5400+30"]
[WhiteClock "0:50:02"]
[BlackClock "0:17:18"]

1. e4 c6 2. d4 d5 3. Nc3 dxe4 4. Nxe4 Bf5 5. Ng3 Bg6 6. h4 h6 7. Nf3 e6 8. h5 Bh7 9. Bd3 Bxd3 10. Qxd3 Nf6 11. Bd2 c5 12. O-O-O Nc6 13. Be3 Qa5 14. Qb3 O-O-O 15. Ne5 Qc7 16. Nxc6 Qxc6 17. dxc5 Bxc5 18. Bxc5 Qxc5 19. Qf3 Qc4 20. b3 Qc5 21. Kb2 Qe5+ 22. Qc3+ Qxc3+ 23. Kxc3 Kc7 24. Kb2 b6 25. c4 Ng4 26. Rxd8 Rxd8 27. Kc2 Rd7 28. Rf1 a6 29. Ne4 f5 30. Nc3 Nf6 31. Re1 Rd6 32. Re5 Rc6 33. a4 Nxh5 34. Ne2 Kd6 35. Nd4 Rxc4+ 0-1

[Event "2019 National Open"]
[Site "Las Vegas"]
[Date "2019.06.16"]
[Round "9"]
[White "Kavutskiy, Konstantin"]
[Black "Belous, Vladimir"]
[Result "1/2-1/2"]
[ECO "A43"]
[WhiteElo "2417"]
[BlackElo "2514"]
[PlyCount "96"]
[EventDate "2019.??.??"]
[TimeControl "5400+30"]
[WhiteClock "0:06:54"]
[BlackClock "0:02:58"]

1. d4 c5 2. d5 g6 3. c4 Bg7 4. e4 d6 5. Nc3 e6 6. Nge2 exd5 7. cxd5 Ne7 8. h4 O-O 9. h5 Nd7 10. Ng3 a6 11. a4 f5 12. hxg6 hxg6 13. Bf4 fxe4 14. Qd2 Ne5 15. Be2 Nf5 16. Ngxe4 Nd4 17. Bxe5 Bxe5 18. Qh6 Bg7 19. Qh7+ Kf7 20. Qh2 Nc2+ 21. Kd2 Nxa1 22. Nxd6+ Ke7 23. Re1 Rxf2 24. Qh4+ Kd7 25. Qxf2 Nb3+ 26. Kd1 Kxd6 27. Qg3+ Be5 28. Ne4+ Kxd5 29. Qxb3+ Kc6+ 30. Kc2 Qb6 31. Bf3 Qxb3+ 32. Kxb3 Be6+ 33. Kc2 Bd5 34. Nd2 Bxf3 35. Nxf3 Bd6 36. Re6 Rg8 37. Ne5+ Kd5 38. Rxg6 Re8 39. Nc4 Bf4 40. Kd3 b5 41. axb5 axb5 42. Nb6+ Ke5 43. Nd7+ Kf5 44. Rf6+ Kg5 45. Rc6 Re3+ 46. Kc2 Re2+ 47. Kb1 Be3 48. Nxc5 Rxg2 1/2-1/2

[Event "2019 National Open"]
[Site "Las Vegas"]
[Date "2019.06.16"]
[Round "9"]
[White "Rozman, Levy"]
[Black "Tang, Andrew"]
[Result "0-1"]
[ECO "D30"]
[WhiteElo "2368"]
[BlackElo "2496"]
[PlyCount "46"]
[EventDate "2019.??.??"]
[TimeControl "5400+30"]
[WhiteClock "0:17:52"]
[BlackClock "0:12:54"]

1. c4 e6 2. d4 d5 3. Nf3 Nf6 4. Bg5 Be7 5. e3 h6 6. Bxf6 Bxf6 7. Qc2 O-O 8. h4 g6 9. g4 Bg7 10. Nc3 c5 11. O-O-O cxd4 12. Nxd4 Nc6 13. Nde2 Qa5 14. h5 dxc4 15. hxg6 Nb4 16. Qe4 Nd3+ 17. Rxd3 cxd3 18. Nd4 d2+ 19. Kd1 Qb4 20. g5 h5 21. Rxh5 Qxb2 22. Rh7 Qc1+ 23. Ke2 Qe1+ 0-1

[Event "2019 National Open"]
[Site "Las Vegas"]
[Date "2019.06.16"]
[Round "9"]
[White "Sun, Rick"]
[Black "Yanayt, Eugene"]
[Result "0-1"]
[ECO "A45"]
[WhiteElo "1967"]
[BlackElo "2241"]
[PlyCount "72"]
[EventDate "2019.??.??"]
[TimeControl "5400+30"]
[WhiteClock "0:20:03"]
[BlackClock "0:02:07"]

1. d4 Nf6 2. Bf4 d5 3. e3 c5 4. c3 Nc6 5. Nd2 g6 6. Ngf3 Bg7 7. Bd3 Nh5 8. Bg3 O-O 9. O-O Nxg3 10. hxg3 e5 11. dxe5 Nxe5 12. Nxe5 Bxe5 13. e4 d4 14. Nf3 Bg7 15. cxd4 cxd4 16. Bc4 Bg4 17. Qb3 Qe7 18. Bd5 Rac8 19. Rfd1 Kh8 20. Rd3 f5 21. Re1 Qc5 22. Qa3 Qxa3 23. Rxa3 Rfe8 24. Bxb7 d3 25. e5 Bxe5 26. Nd2 Be2 27. Bf3 Bxb2 28. Rb3 Bf6 29. Kh2 Bd4 30. Bxe2 Bxf2 31. Bxd3 Rxe1 32. Nf3 Re3 33. Bc4 Rxb3 34. Bxb3 {[%emt 0:00:02] d3 [%clk 0:20:55] Bc4 [%clk 0:02:18]} h5 35. Kh3 Kg7 {[%emt 0:00:31] b3 [%clk 0:02:13] Kf6 [%clk 0:19:55]} 36. Kh2 g5 0-1